 Dungeon Crawl Stone Soup version 0.18.1-5-g4a78601 (webtiles) character file.

14476 shmeve the Fighter (level 11, -23/105 HPs)
             Began as a Minotaur Berserker on May 14, 2016.
             Was a High Priest of Trog.
             Annihilated by an orc warrior
             ... wielding a +0 halberd
              (24 damage)
             ... on level 2 of the Orcish Mines.
             The game lasted 00:19:00 (9807 turns).

shmeve the Fighter (Minotaur Berserker)             Turns: 9807, Time: 00:19:03

Health: -23/105    AC: 15    Str: 23    XL:     11   Next: 89%
Magic:  10/10      EV: 10    Int:  5    God:    Trog [*****.]
Gold:   833        SH:  0    Dex: 11    Spells: 0 memorised, 10 levels left

rFire  . . .     SeeInvis .     K - +1 battleaxe (chop)
rCold  . . .     Gourm    .     C - +0 plate armour
rNeg   . . .     Faith    .     (shield currently unavailable)
rPois  .         Spirit   .     (helmet restricted)
rElec  .         Dismiss  .     (no cloak)
rCorr  .         Reflect  .     (no gloves)
SustAt +         Harm     .     G - +0 pair of boots
MR     ++...                    (no amulet)
Stlth  ..........               (no ring)
                                E - ring of sustain attributes

@: exhausted, regenerating, slowed, very slow, very resistant to hostile
enchantments, extremely unstealthy
A: retaliatory headbutt, horns 2
a: Berserk, Trog's Hand, Brothers in Arms, Burn Spellbooks, Renounce Religion


You were on level 2 of the Orcish Mines.
You worshipped Trog.
Trog was extremely pleased with you.
You were very hungry.

You visited 2 branches of the dungeon, and saw 12 of its levels.

You collected 833 gold pieces.

Inventory:

Hand Weapons
 d - a +2 war axe of chopping
 K - a +1 battleaxe of chopping (weapon)
Missiles
 q - 7 poisoned javelins (quivered)
 F - 8 javelins
Armour
 C - a +0 plate armour (worn)
 G - a +0 pair of boots (worn)
Jewellery
 E - a ring of sustain attributes (left hand)
Wands
 k - a wand of digging (20/24)
 B - a wand of teleportation (4/9)
 J - a wand of polymorph (7/24)
Scrolls
 a - a scroll of blinking {unknown}
 e - a scroll of random uselessness {unknown}
 g - 2 scrolls of enchant weapon
 j - 3 scrolls of amnesia {unknown}
 m - 2 scrolls of immolation {unknown}
 o - a scroll of magic mapping {unknown}
 s - 4 scrolls of remove curse
 v - 2 scrolls of teleportation {unknown}
 w - 2 scrolls of fog {unknown}
 y - 2 scrolls of noise {unknown}
 A - 2 scrolls of recharging {unknown}
 D - 2 scrolls of fear {unknown}
 L - a scroll of identify
Potions
 b - a potion of mutation
 h - 7 potions of curing
 i - a potion of cancellation {unknown}
 l - 3 potions of agility
 n - 2 potions of magic
 p - a potion of flight
 r - 3 potions of lignification
 t - a potion of invisibility {unknown}
 u - a potion of berserk rage {unknown}
 x - 2 potions of might
 z - 3 potions of haste {unknown}
 H - 2 potions of heal wounds {unknown}
Comestibles
 c - 9 bread rations
 f - 4 meat rations
 I - 8 slices of pizza


   Skills:
 * Level 12.6 Fighting
 * Level 12.2 Axes
 + Level 7.4 Throwing
 + Level 9.5 Armour
 + Level 8.4 Dodging


You had 10 spell levels left.
You didn't know any spells.

Dungeon Overview and Level Annotations

Branches:
Dungeon (10/15)            Temple (0/1) D:4             Orc (2/2) D:10
   Lair: D:8-11         Elf: Orc:2

Altars:
Ashenzari
Gozag
Qazlal
Trog

Portals:
Volcano: Orc:1


Innate Abilities, Weirdness & Mutations

You reflexively headbutt those who attack you in melee.
You have a pair of horns on your head.


Message History

The orc shouts!
You slash the orc sorcerer!
You kill the orc sorcerer!
Trog accepts your kill.
Trog appreciates your killing of a magic user.
You closely miss the warg. You closely miss the orc knight.
The orc knight is severely wounded.
You miss the chaos spawn.
The chaos spawn is severely wounded.
You slash the orc warrior!
You kill the orc warrior!
Trog accepts your kill.
The orange demon disappears in a puff of smoke!
The chaos spawn degenerates into a cloud of primal chaos!
The warg bites you but does no damage. x2
The orc knight hits you with an uncursed great mace of crushing!
* * * LOW HITPOINT WARNING * * *
x2 The orc wizard closely misses you.
The orc warrior hits you from afar with a halberd!!
You die...

.....##..## .. #
......#...# ...# #
#.........# ####.#####
.##........# #.........
o8...8...8.####.####....
oT.......(.))...#..#..⌠.
o8o.o8..)8.####.'..#....
##.o§o§)).####)#.(#....
#..o.h@o..#..#.####.###
#.....h#o..#..'..)...#
#...oo##..##..#....#.#
#..... ...#####....#.#
...o. #...# .......#..
..... ...##.#####+###.
.... ...### .# ...# .# #


You could see an orc warlord, an orc knight, a troll, 2 wargs, an orc warrior, 3
orc priests, an orc wizard and 6 orcs.

Vanquished Creatures
  Erolcha (D:8)
  The ghost of dialectric the Nimble, a novice TrCK of Xom (D:10)
  An unseen horror (D:10)
  3 hill giants (D:10)
  An orc knight (Orc:2)
  2 orc sorcerers (Orc:2)
  A manticore (D:10)
  Psyche (D:8)
  2 trolls
  3 two-headed ogres (Orc:2)
  The ghost of apoch the Cutter, an amateur KoBe of Trog (D:4)
  Sigmund (D:3)
  A wyvern (D:9)
  A spriggan (D:8)
  2 hippogriffs
  3 fire bats (Orc:1)
  The ghost of eALc the Skirmisher, an amateur DsFi (D:3)
  A hungry ghost (D:7)
  Grum (D:10)
  2 wargs (Orc:2)
  A water moccasin (D:10)
  7 orc warriors
  3 ice beasts
  A black bear (D:10)
  4 phantoms
  12 ogres
  2 sky beasts
  2 wolves (D:10)
  2 centaurs
  2 crocodiles
  5 giant frogs
  A wyvern zombie (D:10)
  A gnoll sergeant (D:10)
  6 scorpions
  3 killer bees (D:10)
  A howler monkey (D:4)
  10 wights
  4 crimson imps
  A giant frog zombie (D:6)
  11 orc priests
  8 hounds
  3 jellies
  A giant frog skeleton (D:5)
  Ijyb (D:3)
  4 iguanas
  11 orc wizards
  9 worker ants
  A hound skeleton (D:7)
  Robin (D:3)
  9 adders
  6 gnolls
  3 shadow imps
  2 oozes
  2 adder skeletons
  2 worms
  4 dart slugs
  7 giant geckos
  59 orcs
  5 giant cockroaches
  10 goblins
  12 hobgoblins
  5 kobolds
  4 quokkas
  3 ball pythons
  6 bats
  A giant gecko zombie (D:5)
  15 giant newts
  A quokka zombie (D:5)
  3 rats
307 creatures vanquished.

Notes
Turn   | Place    | Note
--------------------------------------------------------------
     0 | D:1      | shmeve the Minotaur Berserker began the quest for the Orb.
     0 | D:1      | Reached XP level 1. HP: 19/19 MP: 0/0
   404 | D:1      | Reached XP level 2. HP: 23/27 MP: 1/1
   876 | D:1      | Reached XP level 3. HP: 31/33 MP: 2/2
   982 | D:2      | Reached ** piety under Trog
   998 | D:2      | Reached skill level 1 in Throwing
  1518 | D:3      | Reached XP level 4. HP: 40/40 MP: 3/3
  1686 | D:3      | Noticed Sigmund
  1702 | D:3      | Killed Sigmund
  1702 | D:3      | Reached skill level 5 in Fighting
  1702 | D:3      | Reached skill level 5 in Axes
  1702 | D:3      | Reached XP level 5. HP: 35/48 MP: 4/4
  1952 | D:3      | Reached XP level 6. HP: 13/56 MP: 5/5
  2211 | D:3      | Noticed Ijyb
  2220 | D:3      | Killed Ijyb
  2303 | D:3      | Noticed Robin
  2305 | D:3      | Killed Robin
  2328 | D:3      | Reached *** piety under Trog
  2445 | D:3      | Noticed eALc's ghost (amateur DsFi)
  2452 | D:3      | Killed eALc's ghost
  2570 | D:4      | Found a bloodstained altar of Trog.
  2600 | D:4      | Reached XP level 7. HP: 45/62 MP: 6/6
  2957 | D:4      | Noticed apoch's ghost (amateur KoBe)
  2968 | D:4      | Killed apoch's ghost
  2968 | D:4      | Reached skill level 5 in Armour
  2968 | D:4      | Reached XP level 8. HP: 23/73 MP: 7/7
  3079 | D:4      | Found a staircase to the Ecumenical Temple.
  3284 | D:4      | Found an opulent altar of Gozag.
  3298 | D:4      | Found a stormy altar of Qazlal.
  3465 | D:5      | Entered Level 5 of the Dungeon
  3626 | D:5      | Reached skill level 5 in Dodging
  3879 | D:5      | Reached **** piety under Trog
  4658 | D:6      | Reached XP level 9. HP: 78/81 MP: 8/8
  5077 | D:7      | Received a gift from Trog
  5645 | D:7      | Reached skill level 5 in Throwing
  5787 | D:8      | Reached ***** piety under Trog
  5882 | D:8      | Noticed Erolcha
  5890 | D:8      | Killed Erolcha
  5890 | D:8      | Reached XP level 10. HP: 68/93 MP: 9/9
  6016 | D:8      | Noticed Psyche
  6023 | D:8      | Killed Psyche
  6023 | D:8      | Reached skill level 10 in Fighting
  6396 | D:9      | Reached skill level 10 in Axes
  7184 | D:10     | Entered Level 10 of the Dungeon
  7222 | D:10     | Noticed a manticore
  7228 | D:10     | Killed a manticore
  7580 | D:10     | Found a shattered altar of Ashenzari.
  7594 | D:10     | Noticed a hill giant
  7598 | D:10     | Killed a hill giant
  7620 | D:10     | Found a staircase to the Orcish Mines.
  7625 | D:10     | Received a gift from Trog
  7804 | D:10     | Killed an unseen horror
  7804 | D:10     | Reached XP level 11. HP: 34/102 MP: 10/10
  8165 | D:10     | Noticed a hill giant
  8175 | D:10     | Killed a hill giant
  8275 | D:10     | Noticed a hill giant
  8281 | D:10     | Killed a hill giant
  8281 | D:10     | Received a gift from Trog
  8452 | D:10     | Noticed dialectric's ghost (novice TrCK)
  8463 | D:10     | Killed dialectric's ghost
  8667 | D:10     | Noticed Grum
  8674 | D:10     | Killed Grum
  8771 | Orc:1    | Entered Level 1 of the Orcish Mines
  8846 | Orc:1    | Found a dark tunnel.
  8907 | Orc:2    | Entered Level 2 of the Orcish Mines
  9281 | Orc:2    | Noticed an orc knight
  9292 | Orc:2    | Killed an orc knight
  9303 | Orc:2    | Received a gift from Trog
  9790 | Orc:2    | Noticed an orc sorcerer
  9791 | Orc:2    | Noticed an orc knight
  9793 | Orc:2    | Noticed an orc sorcerer
  9796 | Orc:2    | Killed an orc sorcerer
  9800 | Orc:2    | Noticed an orc warlord
  9807 | Orc:2    | Killed an orc sorcerer
  9807 | Orc:2    | HP: 3/105 [orc knight/uncursed great mace of crushing (13)]
  9807 | Orc:2    | HP: 1/105 [orc knight/uncursed great mace of crushing (2)]
  9807 | Orc:2    | Annihilated by an orc warrior

Skill      XL: |  1  2  3  4  5  6  7  8  9 10 11 |
---------------+----------------------------------+-----
Axes           | 4 5 6 7 8 9 11 12 | 12.2
Fighting       | 4 5 7 8 9 11 12 | 12.6
Armour         | 3 4 5 6 7 8 9 |  9.5
Throwing       | 1 2 3 4 5 6 7 |  7.4
Dodging        | 3 4 5 6 7 8 |  8.4

Action                   |  1- 3 |  4- 6 |  7- 9 | 10-12 || total
-------------------------+-------+-------+-------+-------++-------
Melee: Hand axe          |    83 |    92 |   173 |       ||   348
       Headbutt          |     8 |    17 |    65 |    65 ||   155
       War axe           |       |       |   164 |   273 ||   437
       Battleaxe         |       |       |       |    24 ||    24
Throw: Javelin           |       |       |     8 |    32 ||    40
Invok: Berserk           |       |     3 |     3 |     6 ||    12
       Trog's Hand       |       |       |     3 |     2 ||     5
  Use: Scroll            |       |       |     8 |     1 ||     9
  Eat: Chunk             |     2 |     5 |    12 |    16 ||    35
       Fruit             |       |       |     7 |       ||     7
       Beef jerky        |       |       |       |     1 ||     1
Armor: Animal skin       |    25 |       |       |       ||    25
       Chain mail        |       |    50 |   121 |       ||   171
       Plate armour      |       |       |    40 |   210 ||   250
Dodge: Dodged            |    65 |    48 |   159 |   172 ||   444
